 Dungeon Crawl Stone Soup version 0.28.0-43-g3370ac3207 (webtiles) character file.

Game seed: 11451811671362816827

85 croobank the Sneak (level 4, -3/24 HPs)
             Began as a Felid Fire Elementalist on Mar 21, 2022.
             Succumbed to a scorpion's poison
             ... on level 4 of the Dungeon on Mar 22, 2022.
             The game lasted 00:10:03 (2992 turns).

croobank the Sneak (Felid Fire Elementalist)        Turns: 2992, Time: 00:10:04

Health: -3/24      AC: 22    Str:  4    XL:     4   Next: 25%
Magic:  0/9        EV:  4    Int: 18    God:
Gold:   97         SH:  0    Dex: 15    Spells: 1/8 levels left
                                        Lives:  0   Deaths: 1

rFire   . . .      SeeInvis +   (weapon unavailable)
rCold   . . .      Faith    .   (shield unavailable)
rNeg    . . .      Spirit   .   (armour unavailable)
rPois   +          Reflect  .   (helmet unavailable)
rElec   .          Harm     .   (cloak unavailable)
rCorr   .          Rampage  .   (gloves unavailable)
Will    .....      NoTele   +   (boots unavailable)
Stlth   +++.......              (no amulet)
HPRegen 0.08/turn               (no ring)
MPRegen 0.11/turn               (no ring)

@: lethally poisoned (-3 -> -26), tree-form, attractive
A: stationary, stasis, torment immunity, boosted hp, very small, (claws 1),
(fangs 3), see invisible, (speed 1), (shaggy fur 1), (stealthy paws), no weapons
or thrown items, no armour, multi-lived, (iridescent scales 1), clumsy 1, frail
1, no potion heal 1
a: no special abilities


You were on level 4 of the Dungeon.
You were a tree.
You visited 1 branch of the dungeon, and saw 4 of its levels.

You collected 97 gold pieces.

Inventory:

Missiles
 c - 117 stones
 f - 29 arrows
Jewellery
 e - a ring of ice
Scrolls
 a - a scroll of magic mapping
 d - a scroll of blinking
 g - a scroll of fear {unknown}
Potions
 b - a potion of haste


   Skills:
 + Level 4.0 Dodging
 + Level 4.2 Stealth
 + Level 2.9 Spellcasting
 + Level 2.0 Conjurations
 + Level 3.4 Fire Magic


You had one spell level left.
You knew the following spells:

 Your Spells              Type           Power      Damage    Failure   Level
a - Foxfire               Conj/Fire      48%        2x1d6     5%          1
b - Scorch                Fire           28%        2d6       6%          2
c - Flame Wave            Conj/Fire      12%        2d6       47%         4

Your spell library contained the following spells:

 Spells                   Type           Power      Damage    Failure   Level
 Slow                     Hex            8%         N/A       17%         1
 Conjure Flame            Conj/Fire      12%        6-21      16%         3
 Inner Flame              Hex/Fire       8%         N/A       24%         3
 Confusing Touch          Hex            2%         N/A       45%         3
 Vampiric Draining        Necr           2%         2d6       45%         3


Dungeon Overview and Level Annotations

Branches:
Dungeon (4/15)
 Temple: D:4-7

Altars:
Gozag

Annotations:
D:3 Ijyb


Innate Abilities, Weirdness & Mutations

You are a tree.
Your roots penetrate the ground, keeping you stationary.
You cannot be teleported.
You are immune to unholy pain and torment.
Your maximum health is greatly increased.
((You have sharp claws.))
((You have razor-sharp teeth.))
You have supernaturally acute eyesight. (SInv)
((You cover ground quickly. (Speed+)))
((You are covered in fur. (AC +1)))
((Your paws help you pounce on unaware monsters.))
You are incapable of wielding weapons or throwing items.
You cannot wear armour.
You gain extra lives every three experience levels.
((You are partially covered in iridescent scales. (AC +2)))
You are clumsy. (Dex -2)
You are frail. (-10% HP)
Potions are less effective at restoring your health.


Message History

As you read the scroll of identify, it crumbles to dust.
i - a potion of lignification It was a potion of attraction.
You feel attractive to monsters.
Casting: Foxfire (safe; 5% risk of failure)
Confirm with . or Enter, or press ? or * to list all spells.
Flames lash the scorpion.
The scorpion is moderately wounded.
The scorpion's fire resistance burns away.
The scorpion barely misses you. The scorpion closely misses you.
Casting: Scorch (safe; 6% risk of failure)
Confirm with . or Enter, or press ? or * to list all spells.
Flames lash the scorpion.
The scorpion is burned terribly!
The scorpion is heavily wounded.
The scorpion stings you.
Casting: Scorch (safe; 6% risk of failure)
Confirm with . or Enter, or press ? or * to list all spells.
Flames lash the scorpion.
The scorpion is severely wounded.
The scorpion closely misses you.
Casting: Scorch (safe; 6% risk of failure)
Confirm with . or Enter, or press ? or * to list all spells.
Flames lash the scorpion.
The scorpion is burned terribly!
The scorpion is almost dead.
The scorpion stings you.
Casting: Scorch (safe; 6% risk of failure)
Confirm with . or Enter, or press ? or * to list all spells.
Flames lash the scorpion but do no damage.
The scorpion stings you.
You barely miss the scorpion.
The scorpion is almost dead.
The scorpion stings you.
* * * LOW HITPOINT WARNING * * *
You are lethally poisoned!
The scorpion poisons you! The scorpion stings you.
* * * LOW HITPOINT WARNING * * *
You are more poisoned.
The scorpion poisons you!
You turn into a tree.
Your roots penetrate the ground.
You die...

##.....##.. $
##...............
#................
#..>.............
#................
#................
#................
#.........>......
##.......♣.......
##.....##s......
####### #.....#
.##... # ##


You could see a scorpion (combustible).

Vanquished Creatures
  A howler monkey (D:3)
  A hound (D:3)
  5 adders
  A worm (D:2)
  A dart slug (D:1)
  3 orcs (D:3)
  6 endoplasms
  5 giant cockroaches
  4 goblins
  2 hobgoblins
  4 jackals (D:2)
  5 kobolds
  A quokka (D:1)
  6 ball pythons
  4 bats
  2 rats
51 creatures vanquished.

Vanquished Creatures (collateral kills)
  A foxfire (D:1)
1 creature vanquished.

Vanquished Creatures (others)
  103 foxfires
103 creatures vanquished.

Grand Total: 155 creatures vanquished

Notes
Turn   | Place    | Note
-------+----------+-------------------------------------------
     0 | D:1      | croobank the Felid Fire Elementalist began the quest for
                  | the Orb.
     0 | D:1      | Reached XP level 1. HP: 7/7 MP: 4/4
    19 | D:1      | Reached skill level 1 in Conjurations
   284 | D:1      | Reached XP level 2. HP: 6/11 MP: 4/6
   305 | D:1      | Learned a level 2 spell: Scorch
   658 | D:1      | Found a faded altar of an unknown god.
  1350 | D:2      | Reached XP level 3. HP: 14/14 MP: 4/7
  1582 | D:2      | Found an opulent altar of Gozag.
  1716 | D:2      | Reached XP level 4. HP: 18/18 MP: 6/8
  1721 | D:2      | Learned a level 4 spell: Flame Wave
  2458 | D:3      | Noticed Ijyb
  2460 | D:3      | Gained mutation: Potions are less effective at restoring
                  | your health. [potion of mutation]
  2460 | D:3      | Gained mutation: You are frail. (-10% HP) [potion of
                  | mutation]
  2460 | D:3      | Gained mutation: You are clumsy. (Dex -2) [potion of
                  | mutation]
  2460 | D:3      | Gained mutation: You are partially covered in iridescent
                  | scales. (AC +2) [potion of mutation]
  2915 | D:3      | Reached XP level 5. HP: 18/18 MP: 4/10
  2974 | D:4      | Killed from afar by an orc wizard
  2975 | D:4      | Reached XP level 4. HP: -5/16 MP: 0/9
  2983 | D:4      | Noticed a scorpion
  2992 | D:4      | Succumbed to a scorpion's poison

Illustrated notes

Levels and vault maps discovered:
D:1:      dpeg_arrival_pits, layout_basic,
          dreamdust_ecumenical_altar_hidden_monk_grotto
D:2:      layout_rooms, basic_altar, minmay_worlds_worst_comb
D:3:      layout_basic, serial_shops, nicolae_shop_advertising_works
          [nicolae_subvault_shop_adworks], uniq_ijyb
D:4:      layout_rooms, hellmonk_ghost_happy_afterlife, dk_noncrumbling_2,
          kennysheep_doodads, nicolae_wormholes, uniq_duvessa

Skill      XL: |  1  2  3  4 |
---------------+-------------+-----
Conjurations   | 1 2 |  2.0
Stealth        | 3 4 |  4.2
Dodging        | 3 4 |  4.0
Fire Magic     | 3 |  3.4
Spellcasting   | |  2.9

Action                   |  1- 3 |  4- 6 || total
-------------------------+-------+-------++-------
Melee: Unarmed           |    13 |     8 ||    21
       Bite              |     2 |     4 ||     6
       Punch             |     1 |     1 ||     2
 Cast: Foxfire           |    39 |    24 ||    63
       Scorch            |     8 |    17 ||    25
  Use: Potion            |     1 |     3 ||     4
       Scroll            |     1 |     5 ||     6
Armor: Skin              |     1 |       ||     1
Dodge: Dodged            |    27 |     8 ||    35
